 Dungeon Crawl Stone Soup version bcrawl-1.21.3 (webtiles) character file.

Game seed: 195245211974949943

781 funkygono the Cudgeler (level 7, 0/61 HPs)
             Began as a Minotaur Fighter on Apr 1, 2020.
             Was a Follower of Okawaru.
             Slain by Edmund
             ... wielding a +3 dire flail of crushing
              (2 damage)
             ... on level 4 of the Dungeon.
             The game lasted 00:09:19 (3366 turns).

funkygono the Cudgeler (Minotaur Fighter)           Turns: 3366, Time: 00:09:20

Health: 0/61       AC: 15    Str: 21    XL:     7   Next: 55%
Magic:  6/6        EV:  6    Int:  5    God:    Okawaru [*.....]
Gold:   255        SH: 10    Dex: 11    Spells: 6/6 levels left

rFire    . . .     SeeInvis .   a - +0 flail
rCold    . . .     Gourm    .   c - +0 medium shield
rNeg     . . .     Faith    .   y - +0 chain mail
rPois    .         Spirit   .   (helmet restricted)
rElec    .         Reflect  .   o - +2 cloak
rCorr    .         Harm     .   v - +0 pair of gloves
MR       .....                  s - +0 pair of boots
Stlth    ..........             (no amulet)
HPRegen  0.20/turn              (no ring)
MPRegen  0.10/turn              (no ring)

@: no status effects
A: retaliatory headbutt, horns 2
a: Heroism, Renounce Religion


You were on level 4 of the Dungeon.
You worshipped Okawaru.
Okawaru was aware of your devotion.
You were not hungry.

You visited 1 branch of the dungeon, and saw 4 of its levels.

You collected 255 gold pieces.

Inventory:

Hand Weapons
 a - a +0 flail (weapon)
 p - a +3 quarterstaff of chaos
Missiles
 h - 241 bolts
 n - 159 sling bullets
 z - 832 stones (quivered)
Armour
 b - a +0 scale mail
 c - a +0 medium shield (worn)
 l - +0 acid dragon scales
 o - a +2 cloak (worn)
 s - a +0 pair of boots (worn)
 v - a +0 pair of gloves (worn)
 y - a +0 chain mail (worn)
Scrolls
 f - a scroll of identify {unknown}
 g - 3 scrolls of remove curse
 j - 3 scrolls of amnesia
 q - 2 scrolls of teleportation
 x - a scroll of enchant armour {unknown}
Potions
 d - 2 potions of might
 i - 2 potions of lignification {unknown}
 k - a potion of agility {unknown}
 m - 3 potions of flight {unknown}
 t - a potion of resistance {unknown}
 u - 2 potions of curing {unknown}
 w - a potion of experience {unknown}
Comestibles
 e - 3 rations {!d}
 A - 9 chunks of flesh


   Skills:
 + Level 5.4 Fighting
 + Level 6.6 Maces & Flails
 + Level 5.6 Armour
 + Level 2.1 Dodging
 + Level 0.6 Stealth
 + Level 5.6 Shields


You had 6 spell levels left.
You didn't know any spells.
Your spell library was empty.

Dungeon Overview and Level Annotations

Branches:
Dungeon (4/12)
 Temple: D:4-7

Altars:
Hepliaklqana
Kikubaaqudgha
Okawaru
Sif Muna

Annotations:
D:4 Edmund


Innate Abilities, Weirdness & Mutations

You reflexively headbutt those who attack you in melee.
You have a pair of horns on your head.


Message History

Something hits you but does no damage.
An orc comes into view. It is wielding a +0 trident.
The orc shouts!
You hit something but do no damage. Your headbutt misses something.
Something hits you.
* * * LOW HITPOINT WARNING * * *
x2 You miss something.
Your headbutt misses something. The orc barely misses you.
Something hits you but does no damage.
You miss something. Your headbutt misses something. You block the orc's attack.
Something hits you but does no damage.
You miss something. Your headbutt misses something.
The orc hits you but does no damage. Something hits you but does no damage.
You closely miss something. You block the orc's attack.
You block something's attack.
You hit something.
The orc hits you from afar with a +0 trident.
* * * LOW HITPOINT WARNING * * *
Something hits you!
* * * LOW HITPOINT WARNING * * *
You die...

#...####.##)).#
##.......##..###
............###
.............# #
#.......##..## #.
#$......##...# #.#
#........##..#
#.o##............####
#..@{.....###...#..#
#............####..รท....
#.(.........### #........
............# ##[###....
...........#####..# #....
.......#..####..#.####...
.......##.......?...##...
....... #..##...........)
. #...##.###..#


You could see an orc.

Vanquished Creatures
  4 ogres
  A centaur (D:4)
  A water moccasin skeleton (D:4)
  A vampire bat (D:2)
  A howler monkey (D:4)
  Terence (D:2)
  Crazy Yiuf (D:2)
  Robin (D:2)
  6 adders
  2 oozes (D:1)
  A worm (D:3)
  A dart slug (D:3)
  5 leopard geckos
  5 orcs
  3 bat skeletons (D:2)
  3 bat zombies (D:2)
  6 giant cockroaches
  11 hobgoblins
  12 jackals
  3 quokkas
  A ball python (D:2)
  4 bats
  7 frilled lizards
  15 goblins
  4 kobolds
  A quokka skeleton (D:4)
  9 rats
110 creatures vanquished.

Notes
Turn   | Place    | Note
-------+----------+-------------------------------------------
     0 | D:1      | funkygono the Minotaur Fighter began the quest for the Orb.
     0 | D:1      | Reached XP level 1. HP: 19/19 MP: 0/0
   265 | D:1      | Reached skill level 3 in Maces & Flails
   265 | D:1      | Reached XP level 2. HP: 26/27 MP: 1/1
   712 | D:1      | Reached XP level 3. HP: 33/33 MP: 2/2
  1020 | D:2      | Found a runed door.
  1024 | D:2      | Noticed Crazy Yiuf
  1027 | D:2      | Killed Crazy Yiuf
  1050 | D:2      | Noticed Terence
  1064 | D:2      | Killed Terence
  1064 | D:2      | Reached skill level 4 in Maces & Flails
  1064 | D:2      | Reached XP level 4. HP: 35/40 MP: 3/3
  1177 | D:2      | Reached skill level 1 in Dodging
  1284 | D:2      | Noticed Robin
  1326 | D:2      | Killed Robin
  1529 | D:2      | Found a shimmering blue altar of Sif Muna.
  1569 | D:2      | Reached XP level 5. HP: 46/46 MP: 4/4
  1576 | D:2      | Found an ancient bone altar of Kikubaaqudgha.
  1745 | D:3      | Found an iron altar of Okawaru.
  1767 | D:3      | Became a worshipper of Warmaster Okawaru
  1906 | D:3      | Noticed an ogre
  1920 | D:3      | Killed an ogre
  1920 | D:3      | Reached skill level 5 in Maces & Flails
  1920 | D:3      | Reached XP level 6. HP: 53/53 MP: 5/5
  1995 | D:3      | Reached skill level 5 in Shields
  2172 | D:3      | Found a hazy altar of Hepliaklqana.
  3106 | D:4      | Reached skill level 5 in Armour
  3125 | D:4      | Reached * piety under Okawaru
  3125 | D:4      | Reached skill level 5 in Fighting
  3291 | D:4      | Reached XP level 7. HP: 61/61 MP: 6/6
  3297 | D:4      | Noticed Edmund
  3321 | D:4      | Reached skill level 6 in Maces & Flails
  3366 | D:4      | HP: 2/61 [something (8)]
  3366 | D:4      | Slain by Edmund

Skill      XL: |  1  2  3  4  5  6  7 |
---------------+----------------------+-----
Maces & Flails | 3 4 5 6 |  6.6
Shields        | 4 5 |  5.6
Fighting       | 4 5 |  5.4
Armour         | 4 5 |  5.6
Dodging        | 1 2 |  2.1
Stealth        | |  0.6

Action                   |  1- 3 |  4- 6 |  7- 9 || total
-------------------------+-------+-------+-------++-------
Melee: Flail             |    84 |   175 |    30 ||   289
       Headbutt          |     8 |    38 |     4 ||    50
  Use: Scroll            |     3 |     2 |       ||     5
       Potion            |       |       |     2 ||     2
  Eat: Chunk             |     1 |     5 |       ||     6
       Ration            |       |     1 |       ||     1
Armor: Scale mail        |    36 |    78 |       ||   114
       Chain mail        |       |    30 |    21 ||    51
Dodge: Dodged            |    21 |    84 |     9 ||   114
Block: Medium shield     |    38 |   109 |    20 ||   167
